 Dungeon Crawl Stone Soup version 0.28.0-43-g3370ac3207 (webtiles) character file.

Game seed: 8653821054287027861

51 Descartes the Ducker (level 3, 0/16 HPs)
             Began as a Felid Wanderer on Mar 16, 2022.
             Killed from afar by an orc wizard (13 damage)
             ... with a puff of flame
             ... on level 3 of the Dungeon.
             The game lasted 00:04:18 (4083 turns).

Descartes the Ducker (Felid Wanderer)               Turns: 4083, Time: 00:04:19

Health: 0/16       AC:  1    Str: 12    XL:     3   Next: 57%
Magic:  4/4        EV: 20    Int: 13    God:
Gold:   66         SH:  0    Dex: 13    Spells: 2/2 levels left
                                        Lives:  0   Deaths: 1

rFire   . . .      SeeInvis +     - Unarmed
rCold   . . .      Faith    .   (shield unavailable)
rNeg    . . .      Spirit   .   (armour unavailable)
rPois   .          Reflect  .   (helmet unavailable)
rElec   .          Harm     .   (cloak unavailable)
rCorr   .          Rampage  .   (gloves unavailable)
Will    .....                   (boots unavailable)
Stlth   ++........              (no amulet)
HPRegen 0.05/turn               (no ring)
MPRegen 0.09/turn               (no ring)

@: quick
A: very small, claws 1, fangs 3, see invisible, speed 1, shaggy fur 1, stealthy
paws, no weapons or thrown items, no armour, multi-lived
a: no special abilities


You were on level 3 of the Dungeon.
You visited 1 branch of the dungeon, and saw 3 of its levels.

You collected 66 gold pieces.

Inventory:

Missiles
 c - 119 stones
Scrolls
 a - 3 scrolls of teleportation
 d - a scroll of torment {unknown}
 g - a scroll of fear {unknown}
 h - a scroll of enchant armour {unknown}
 j - a scroll of brand weapon {unknown}
 l - a scroll of fog {unknown}
 n - a scroll of magic mapping {unknown}
Potions
 e - a potion of resistance
 f - a potion of berserk rage {unknown}
 i - a potion of cancellation {unknown}
 k - a potion of lignification {unknown}
 m - a potion of might {unknown}
Miscellaneous
 b - a piece from Xom's chessboard (15/15) (quivered)


   Skills:
 - Level 2.0 Fighting
 + Level 7.2 Dodging
 + Level 2.9 Stealth
 + Level 1.9 Unarmed Combat
 - Level 1.0 Invocations
 + Level 3.2 Evocations


You had 2 spell levels left.
You didn't know any spells.
Your spell library was empty.

Dungeon Overview and Level Annotations

Branches:
Dungeon (3/15)

Altars:
Fedhas


Innate Abilities, Weirdness & Mutations

You have sharp claws.
You have razor-sharp teeth.
You have supernaturally acute eyesight. (SInv)
You cover ground quickly. (Speed+)
You are covered in fur. (AC +1)
Your paws help you pounce on unaware monsters.
You are incapable of wielding weapons or throwing items.
You cannot wear armour.
You gain extra lives every three experience levels.


Message History

You are too injured to fight recklessly!
You are too injured to fight recklessly!
You miss the adder.
The adder is severely wounded.
You feel sick. The adder bites you.
* * * LOW HITPOINT WARNING * * *
The adder bites you.
* * * LOW HITPOINT WARNING * * *
You are more poisoned.
The adder poisons you!
It was a potion of resistance.
You feel protected.
You die...
You feel sick. The adder misses you.
You are now level 3!
You rejoin the land of the living...
An orc wizard comes into view. It is wielding a +0 dagger.
The orc wizard shouts!
You hear a shout! x2
You scratch the orc wizard. Your bite misses the orc wizard.
The orc wizard is lightly wounded.
You hear a shout! x2
The orc wizard hits you with a +0 dagger.
You scratch the orc wizard but do no damage.
The orc wizard is lightly wounded.
The orc wizard completely misses you.
You barely miss the orc wizard.
The orc wizard is lightly wounded.
The orc wizard barely misses you.
You scratch the orc wizard. You bite the orc wizard.
The orc wizard is heavily wounded.
The orc wizard barely misses you.
You scratch the orc wizard but do no damage.
The orc wizard is heavily wounded.
The orc wizard hits you with a +0 dagger.
You closely miss the orc wizard.
The orc wizard is heavily wounded.
The orc wizard casts a spell at you. The puff of flame hits you!
Ouch! That really hurt!
You die...

#### ### #..##
#.###########.o.#
####.#........##@#
..............##.#
####..........#..#
##..#........##
#........####
#####.......##
......##.......#
..##.....#...#....
............## ..#


You could see an orc wizard.

Vanquished Creatures
  5 adders (D:2)
  A worm (D:2)
  A dart slug (D:1)
  3 ball pythons
  6 bats
  5 endoplasms
  4 giant cockroaches
  5 goblins
  9 hobgoblins
  3 jackals (D:1)
  A kobold (D:1)
  A quokka (D:2)
  4 frilled lizards
  5 rats
53 creatures vanquished.

Notes
Turn   | Place    | Note
-------+----------+-------------------------------------------
     0 | D:1      | Descartes the Felid Wanderer began the quest for the Orb.
     0 | D:1      | Descartes set off with the following items: a scroll of
                  | teleportation, a piece from Xom's chessboard (15/15)
     0 | D:1      | Reached XP level 1. HP: 9/9 MP: 2/2
   377 | D:1      | Reached skill level 1 in Stealth
   395 | D:1      | Reached XP level 2. HP: 8/13 MP: 3/3
  1176 | D:1      | Reached skill level 1 in Unarmed Combat
  1528 | D:1      | Found a faded altar of an unknown god.
  1599 | D:1      | Reached XP level 3. HP: 13/16 MP: 4/4
  2149 | D:2      | Reached skill level 7 in Dodging
  2767 | D:2      | Reached XP level 4. HP: 10/19 MP: 5/5
  3443 | D:2      | Found a blossoming altar of Fedhas.
  4069 | D:3      | Succumbed to an adder's poison
  4070 | D:3      | Reached XP level 3. HP: -1/16 MP: 4/4
  4083 | D:3      | Killed from afar by an orc wizard

Illustrated notes

Levels and vault maps discovered:
D:1:      roderic_octagonal_star, layout_basic,
          hellmonk_ecumenical_altar_slurped_away
D:2:      layout_basic, basic_altar, chequers_serial_rivers_small_b,
          minmay_tromino_mix6
D:3:      layout_rooms, mainiacjoe_overflow_small_starburst, serial_shops,
          nicolae_shop_temple_entry_statues_fountains, minmay_goblin_outpost,
          uniq_terence

Skill      XL: |  1  2  3 |
---------------+----------+-----
Stealth        | 1 2 |  2.9
Unarmed Combat | 1 |  1.9
Dodging        | 7 |  7.2
Evocations     | 3 |  3.2
Fighting       | |  2.0
Invocations    | |  1.0

Action                   |  1- 3 |  4- 6 || total
-------------------------+-------+-------++-------
Melee: Unarmed           |   144 |    68 ||   212
       Bite              |    16 |     6 ||    22
  Use: Potion            |       |     1 ||     1
 Stab: Sleeping          |     5 |     4 ||     9
Armor: Skin              |     9 |     2 ||    11
Dodge: Dodged            |   132 |    74 ||   206
